 Dungeon Crawl Stone Soup version 0.16-a0-747-geaeaf20 (webtiles) character file.

133880 RobertPalmer the Blocker (level 17, -11/90 HPs)
             Began as an Octopode Ice Elementalist on Sept 22, 2014.
             Was an Initiate of Gozag.
             Mangled by an Ice Fiend (20 damage)
             ... in an ice cave on Sept 23, 2014.
             The game lasted 02:54:11 (41062 turns).

RobertPalmer the Blocker (OpIE)                    Turns: 41062, Time: 02:54:11

HP -11/90        AC  3     Str  8      XL: 17   Next: 15%
MP  35/41        EV 20     Int 20      God: Gozag
Gold 4239        SH 16     Dex 18      Spells:  7 memorised,  2 levels left

rFire  + . .     SeeInvis +     h - +9 dagger (stab)
rCold  . . .     Clarity  .     B - +3 shield of Vicodd {rPois Slay+3 SInv Curse}
rNeg   + . .     rCorr    .     m - +2 hat {MR+}
rPois  +         rRot     .     F - amulet of warding
rElec  .         Spirit   .     k - ring of invisibility
SustAb .         Warding  +     G - ring of poison resistance
rMut   .         Stasis   .     E - ring of protection from magic
Gourm  .                        z - ring of stealth
MR     +++..                    U - ring of regeneration
                                R - ring of magical power
                                P - ring of protection from fire
                                A - ring of wizardry

@: very slightly contaminated, invisible, extremely resistant to hostile
enchantments, extraordinarily stealthy
A: almost no armour, amphibious, 8 rings, constrict 8, camouflage 1, clever 1,
gelatinous body 1
a: Potion Petition, Call Merchant, Bribe Branch, Renounce Religion, Turn Visible


You were in an ice cave.
You worshipped Gozag.
Gozag was noncommittal.
You were not hungry.

You visited 5 branches of the dungeon, and saw 31 of its levels.
You also visited: Labyrinth and Ice Cave.

You collected 12220 gold pieces.
You spent 1372 gold pieces at shops.
You paid 6609 gold pieces to Gozag.


Innate Abilities, Weirdness & Mutations

You cannot wear most types of armour.
You are amphibious.
You can wear up to eight rings at the same time.
You can use your tentacles to constrict many enemies at once.
Your skin changes colour to match your surroundings (Stealth).
Your rubbery body absorbs attacks (AC +1).
Your mind is acute. (Int +2)


   Skills:
 - Level 10.9 Short Blades
 - Level 10.0 Dodging
 - Level 13.9 Stealth
 - Level 15.0 Shields
 - Level 8.5 Spellcasting
   Level 1.0 Conjurations
 + Level 12.7 Charms
 - Level 11.1 Summonings
 - Level 7.1 Ice Magic
 - Level 4.1 Air Magic
 - Level 9.6 Evocations


You had 2 spell levels left.
You knew the following spells:

 Your Spells              Type           Power        Failure   Level  Hunger
a - Ozocubu's Armour      Chrm/Ice       #####...     1%          3    None
d - Deflect Missiles      Chrm/Air       #####.....   16%         6    ######.
h - Haste                 Chrm           ######..     4%          6    ######.
x - Summon Ice Beast      Ice/Summ       #####...     1%          4    ###....
y - Monstrous Menagerie   Summ           ######....   6%          6    ######.
z - Freeze                Ice            ####         1%          1    None
A - Phase Shift           Tloc           #.........   89%         5    ####...

Inventory:

Hand weapons
 a - the +1 quick blade of Shrieking Terror {venom, Str+3 Int+2}
   (You found it on level 11 of the Dungeon)

   It poisons the flesh of those it strikes.
   It affects your strength (+3).
   It affects your intelligence (+2).
 b - the +5 blowgun of Mar Mowi {evade, Dex+2}
   (You bought it in a shop on level 4 of the Orcish Mines)

   It affects your evasion (+5 to EV).
   It affects your dexterity (+2).
 h - a +9 dagger of stabbing (weapon)
Missiles
 p - 69 poisoned needles
 K - 29 curare-tipped needles
Armour
 m - a +2 hat of magic resistance (worn)
 B - the +3 shield of Vicodd (worn) {rPois Slay+3 SInv Curse}
   (You found it on level 11 of the Dungeon)

   It affects your accuracy and damage with ranged weapons and melee attacks
   (+3).
   It protects you from poison.
   It enhances your eyesight.
   It may recurse itself when equipped.
Magical devices
 y - a wand of heal wounds (2) {!d}
 C - a wand of heal wounds (0) {!d}
 D - a wand of cold (3)
 Q - a wand of invisibility (3)
 S - a wand of draining (3)
 T - a wand of teleportation (4) {!d}
 W - a wand of enslavement (5)
 Y - a wand of paralysis (9)
Comestibles
 c - 5 fruits
 n - a bread ration
 v - 2 meat rations
Scrolls
 g - 12 scrolls of recharging
 i - 2 scrolls of silence
 j - 4 scrolls of amnesia
 o - 6 scrolls of remove curse
 q - 16 scrolls of teleportation
 H - 3 scrolls of holy word
 J - 2 scrolls of fog
 M - a scroll of immolation {!r}
 N - 2 scrolls of enchant weapon
 V - a scroll of fear
Jewellery
 k - a ring of invisibility (left tentacle)
 z - a ring of stealth (on tentacle)
 A - a ring of wizardry (on tentacle)
 E - a ring of protection from magic (on tentacle)
 F - an amulet of warding (around mantle)
 G - a ring of poison resistance (right tentacle)
 I - an uncursed amulet of resist mutation
 P - a ring of protection from fire (on tentacle)
 R - a ring of magical power (on tentacle)
 U - a ring of regeneration (on tentacle)
Potions
 d - 7 potions of magic
 f - 3 potions of brilliance
 l - 5 potions of curing
 r - 4 potions of restore abilities
 s - 2 potions of invisibility
 t - a potion of porridge
 u - 2 potions of cure mutation
 x - 4 potions of heal wounds
 L - 2 potions of might
 O - 5 potions of haste
 X - a potion of resistance
Books
 e - a book of Summonings
 Z - a book of Enchantments

Dungeon Overview and Level Annotations

Branches:
Dungeon (13/15)            Temple (1/1) D:4             Orc (4/4) D:9
    Elf (0/3) Orc:3          Lair (8/8) D:10         Shoals (5/5) Lair:3
 Spider (0/5) Lair:4        Slime (0/6) Lair:8
 Vaults: D:13-14

Altars:
Ashenzari
Dithmenos
Elyvilon
Fedhas
Gozag
Makhleb
Okawaru
Qazlal
Ru
Sif Muna
Yredelemnul
The Shining One
Beogh
Jiyva

Shops:
D:5 :   D:9 ?   D:10 (=   D:11 *   D:12 *   D:15 *   Orc:4 !([(   Vaults:1 ?

Annotations:
Lair:6 exclusion: oklob plant
Shoals:3 Mara IceCv exclusion: 2 ice statues

# +.# #########.# #
#.#.#.#.#.## #
###'#'#'#'#.8# ### +
#.'.......#.. ..#
#####.8.8.8.#.#####.#
............#.#k![#.##
............'.#1@!'.8#
............#.#!!?#.##
#####.8.8.8.#.#####.#
+ #.'.......#.......#
# ###'#'#'#'#.8######
# #.#.#.#.#.##
#########.# +.# ###


You could see an Ice Fiend and a friendly lindwurm.


Message History

You feel quite a bit more hungry.
You open the door.
An Ice Fiend comes into view.
Found five items.
Found three items.
There is an open door here.
You see here a potion of agility.
The Ice Fiend roars!
The Ice Fiend barely misses you. The Ice Fiend claws you!!
The Ice Fiend freezes you!!!
Ouch! That really hurt!
* * * LOW HITPOINT WARNING * * *
There is a fountain of sparkling water here.
Evoke which item? (* to show all) (? for menu, Esc to quit)
Zapping:
y - a wand of heal wounds {recharged} {!d} You feel much better.
You block the Ice Fiend's attack. You block the Ice Fiend's attack.
Evoke which item? (* to show all) (? for menu, Esc to quit)
Zapping:
y - a wand of heal wounds {zapped: 1} {!d} You feel much better.
The Ice Fiend gestures at you. The bolt of cold misses you.
You summon a lindwurm!
The Ice Fiend claws you. The Ice Fiend freezes you!!!
Ouch! That really hurt!
* * * LOW HITPOINT WARNING * * *
The Ice Fiend claws you!
* * * LOW HITPOINT WARNING * * *
The Ice Fiend freezes you!!
You die...
Your body crumbles into a pile of gold.

Action                   |  1- 3 |  4- 6 |  7- 9 | 10-12 | 13-15 | 16-18 || total
-------------------------+-------+-------+-------+-------+-------+-------++-------
Melee: Unarmed           |    18 |       |       |       |       |       ||    18
       Dagger            |    25 |    76 |   313 |   420 |   682 |    47 ||  1563
       Quick blade       |       |       |       |       |   774 |   497 ||  1271
 Fire: Blowgun           |       |       |    26 |    76 |    72 |    14 ||   188
Throw: Tomahawk          |       |     9 |    19 |       |       |       ||    28
       Throwing net      |       |     1 |     3 |     2 |     5 |       ||    11
       Javelin           |       |       |     1 |     6 |       |       ||     7
 Cast: Freeze            |    14 |    46 |    41 |   131 |    35 |     3 ||   270
       Ozocubu's Armour  |       |     2 |     9 |     7 |    11 |    11 ||    40
       Summon Ice Beast  |       |       |       |    10 |    33 |    28 ||    71
       Monstrous Menager |       |       |       |       |       |     6 ||     6
Invok: Potion Petition   |       |       |     1 |     2 |     6 |     2 ||    11
       Call Merchant     |       |       |     1 |       |     4 |       ||     5
 Abil: Evoke Invisibilit |       |     1 |    11 |    28 |    45 |    20 ||   105
       Turn Visible      |       |       |     1 |    17 |    34 |    13 ||    65
Evoke: Wand              |       |       |     6 |     7 |     4 |     6 ||    23
  Use: Scroll            |     3 |     4 |     8 |    16 |    21 |     5 ||    57
       Potion            |       |       |     2 |     2 |     4 |     2 ||    10
 Stab: Sleeping          |     6 |     7 |    29 |   100 |   250 |    42 ||   434
       Invisible         |       |       |     8 |    22 |    68 |    59 ||   157
       Distracted        |       |       |     2 |     9 |    14 |     7 ||    32
       Held in net/web   |       |       |     1 |     2 |     2 |       ||     5
  Eat: Chunk             |     3 |    10 |     1 |       |       |       ||    14
       Bread ration      |       |       |     4 |     8 |     3 |     2 ||    17
       Beef jerky        |       |       |     1 |     1 |     3 |     2 ||     7
       Pizza             |       |       |     1 |       |     3 |       ||     4
       Royal jelly       |       |       |       |     1 |     1 |       ||     2
       Fruit             |       |       |       |       |     3 |       ||     3
       Meat ration       |       |       |       |       |     4 |     3 ||     7

Vault maps used:
D:1:      dpeg_arrival_three_same_balls, serial_glass, glass_columns_b,
          glass_columns_c
D:2:      minmay_bisected
D:4:      minmay_temple_entry_mist
D:5:      lemuel_castle_with_subvaults, first_bread, serial_shops, shop,
          minmay_misc_feat_hallway
D:6:      lemuel_coloured_pillars_altar, uniq_sigmund
D:7:      minmay_statues_item, uniq_iyjb
D:8:      kennysheep_mini_moat, lemuel_crystal_altar, basic_altar, the_bakery,
          serial_bayou_pond_c, uniq_maurice
D:9:      lemuel_doored_altar, minitemple, hiddenorc2_lemuel, serial_shops,
          nicolae_shop_behind_doors, basic_altar, minivault_27
D:10:     david_lair_generic, kennysheep_small_circle
D:11:     evilmike_iron_armoury, serial_shops, shop, uniq_grum, uniq_gastronok
D:12:     basic_altar
D:13:     uniq_sonja
Temple:   circular_temple_12
Orc:2:    uniq_eustachio, uniq_urug
Orc:3:    nicolae_orc_pool_cavern, uniq_erolcha
Orc:4:    grunt_orc_community_town_hall, grunt_orc_community_big_house_2,
          grunt_orc_community_big_house_1, grunt_orc_community_house_1,
          grunt_orc_community_house_1, grunt_orc_community_house_2,
          grunt_orc_community_house_1, grunt_orc_community_house_2,
          grunt_orc_community_house_3, nicolae_orc_crystal_geode
Lair:1:   beast_lair_carwin_7
Lair:2:   lab_entry_generic, beast_lair_carwin_3
Lair:3:   elwin_shoals_entry_stream, minmay_holes
Lair:4:   dummy_spider_entry, beast_lair_carwin_4, grunt_megastairs_3
Lair:6:   minmay_lair_oklob_tunnel, grunt_megastairs_1
Lair:7:   infiniplex_staircase_pool, lemuel_fruit_tree, uniq_snorg
Lair:8:   minmay_lair_end_frog_pond, slime_altar_1, serial_bayou_shore_a
Shoals:3: uniq_mara
Shoals:4: uniq_rupert, uniq_polyphemus, uniq_agnes
Shoals:5: portal_ice_cave_entry_ice_beasts, shoals_end_simple,
          shoals_ilsuiw_alternative, baited_tele_trap
Lab:      lab_hedge
IceCv:    ice_cave_tombish

Notes
Turn   | Place    | Note
--------------------------------------------------------------
     0 | D:1      | RobertPalmer, the Octopode Ice Elementalist, began the quest for the Orb.
     0 | D:1      | Reached XP level 1. HP: 11/11 MP: 3/3
   612 | D:1      | Reached XP level 2. HP: 17/17 MP: 2/4
   879 | D:1      | Reached skill level 4 in Ice Magic
  1329 | D:2      | Reached XP level 3. HP: 18/21 MP: 6/6
  1409 | D:2      | Reached skill level 1 in Evocations
  1630 | D:2      | Reached skill level 2 in Evocations
  1867 | D:3      | Noticed a giant frog
  1921 | D:2      | Reached XP level 4. HP: 10/27 MP: 3/7
  2110 | D:2      | Learned a level 3 spell: Ozocubu's Armour
  2336 | D:3      | Reached skill level 3 in Evocations
  2568 | D:3      | Killed a giant frog
  2568 | D:3      | Reached skill level 5 in Evocations
  2568 | D:3      | Reached XP level 5. HP: 19/31 MP: 7/9
  2927 | D:3      | Reached skill level 3 in Stealth
  3079 | D:3      | Reached skill level 4 in Stealth
  3334 | D:4      | Reached XP level 6. HP: 34/36 MP: 7/11
  3652 | D:4      | Reached skill level 5 in Stealth
  3904 | D:4      | Found a staircase to the Ecumenical Temple.
  4113 | D:4      | Reached skill level 6 in Stealth
  4123 | D:4      | Noticed an ogre
  4365 | D:5      | Entered Level 5 of the Dungeon
  4605 | D:5      | Reached skill level 7 in Stealth
  4605 | D:5      | Reached XP level 7. HP: 41/41 MP: 10/12
  4675 | D:5      | Found Bieteoc's Book Boutique.
  4777 | Temple   | Entered the Ecumenical Temple
  4786 | Temple   | Became a worshipper of Gozag Ym Sagoz the Greedy
  4817 | D:4      | Reached skill level 8 in Stealth
  5436 | D:5      | Reached skill level 9 in Stealth
  5823 | D:5      | Reached skill level 10 in Stealth
  5860 | D:5      | Reached XP level 8. HP: 41/46 MP: 14/14
  6287 | D:5      | Reached skill level 1 in Short Blades
  6558 | D:5      | Reached skill level 2 in Short Blades
  6599 | D:5      | Reached skill level 3 in Short Blades
  7353 | D:5      | Reached skill level 4 in Short Blades
  7812 | D:6      | Reached skill level 5 in Short Blades
  8558 | D:6      | Noticed Sigmund
  8674 | D:6      | Killed Sigmund
  8674 | D:6      | Reached skill level 6 in Short Blades
  8674 | D:6      | Reached XP level 9. HP: 17/51 MP: 14/16
  9051 | D:6      | Reached skill level 7 in Short Blades
  9459 | D:6      | Found a deep blue altar of Sif Muna.
  9552 | D:6      | Reached skill level 1 in Shields
  9608 | D:6      | Identified a wand of heal wounds {zapped: 1} (You took it off Sigmund on level 6 of the Dungeon)
  9610 | D:6      | Reached skill level 2 in Shields
  9718 | D:6      | Reached skill level 3 in Shields
  9938 | D:7      | Reached skill level 4 in Shields
 10123 | D:7      | Noticed Ijyb
 10150 | D:7      | Killed Ijyb
 10448 | D:7      | Reached skill level 5 in Shields
 10699 | D:8      | Noticed Maurice
 10712 | D:8      | Killed Maurice
 10712 | D:8      | Reached skill level 6 in Evocations
 10827 | D:8      | Found a basalt altar of Yredelemnul.
 10907 | D:8      | Found a white marble altar of Elyvilon.
 11010 | D:8      | Found a shadowy altar of Dithmenos.
 11015 | D:8      | Reached skill level 7 in Evocations
 11125 | D:8      | Gained mutation: Your mind is acute. (Int +2) [mutagenic glow]
 11450 | D:8      | Reached XP level 10. HP: 37/56 MP: 16/21
 11453 | D:8      | Reached skill level 8 in Evocations
 12077 | D:8      | Reached skill level 9 in Evocations
 12713 | D:9      | Found a staircase to the Orcish Mines.
 12913 | D:9      | Noticed Jenx's ghost (experienced GrFi)
 13202 | D:9      | Identified a wand of teleportation {zapped: 1} (You found it on level 8 of the Dungeon)
 13229 | D:9      | Reached skill level 3 in Dodging
 13247 | D:9      | Found a stormy altar of Qazlal.
 13397 | D:9      | Found a burning altar of Makhleb.
 13406 | D:9      | Found a sacrificial altar of Ru.
 13415 | D:9      | Reached skill level 4 in Dodging
 13423 | D:9      | Found a glowing golden altar of the Shining One.
 13735 | D:9      | Reached skill level 5 in Dodging
 14071 | D:9      | Killed Jenx's ghost
 14071 | D:9      | Reached skill level 6 in Dodging
 14418 | D:9      | Reached skill level 5 in Ice Magic
 14867 | D:9      | Found an iron altar of Okawaru.
 15178 | D:9      | Found Cideuc's Magic Scroll Emporium.
 15468 | D:9      | Reached skill level 6 in Ice Magic
 15601 | D:9      | Reached XP level 11. HP: 61/61 MP: 23/23
 15860 | D:10     | Entered Level 10 of the Dungeon
 15891 | D:10     | Noticed a hill giant
 15977 | D:10     | Reached skill level 7 in Ice Magic
 16052 | D:10     | Learned a level 6 spell: Deflect Missiles
 16128 | D:10     | Reached skill level 1 in Charms
 16253 | D:10     | Found a staircase to the Lair.
 16259 | D:10     | Reached skill level 2 in Charms
 16263 | D:10     | Reached skill level 3 in Charms
 16330 | D:10     | Found Feiff's Jewellery Boutique.
 16344 | D:10     | Bought an uncursed ring of regeneration for 390 gold pieces
 16344 | D:10     | Bought an uncursed ring of stealth for 227 gold pieces
 16374 | D:10     | Reached skill level 4 in Charms
 16499 | D:10     | Killed a hill giant
 16605 | D:10     | Reached skill level 5 in Charms
 16802 | D:10     | Found Qopros' Antique Weapon Shoppe.
 16953 | D:10     | Upgraded the game from 0.16-a0-734-gc254e8c to 0.16-a0-747-geaeaf20
 16954 | Lair:1   | Entered Level 1 of the Lair of Beasts
 17396 | Lair:1   | Reached skill level 7 in Dodging
 17640 | Lair:1   | Reached skill level 8 in Dodging
 17928 | Lair:1   | Reached skill level 9 in Dodging
 18076 | Lair:2   | Noticed a five-headed hydra
 18083 | Lair:2   | Killed a five-headed hydra
 18083 | Lair:2   | Reached XP level 12. HP: 66/66 MP: 22/25
 18212 | Lair:2   | Reached skill level 10 in Dodging
 18233 | Lair:2   | Reached skill level 11 in Stealth
 18366 | Lair:2   | Found a labyrinth entrance.
 18375 | Lab      | Entered a labyrinth
 18627 | Lab      | Reached skill level 12 in Stealth
 18717 | Lab      | Noticed a minotaur
 18726 | Lab      | Killed a minotaur
 18757 | Lab      | Learned a level 4 spell: Summon Ice Beast
 19043 | Lair:2   | Reached skill level 1 in Summonings
 19074 | Lair:2   | Reached skill level 2 in Summonings
 19285 | Lair:2   | Reached skill level 3 in Summonings
 19387 | Lair:3   | Reached skill level 13 in Stealth
 19784 | Lair:3   | Found a staircase to the Shoals.
 19923 | Lair:3   | Reached skill level 6 in Charms
 20222 | Lair:4   | Reached skill level 7 in Charms
 20313 | Lair:4   | Noticed a death yak
 20320 | Lair:4   | Noticed a death yak
 20320 | Lair:4   | Noticed a death yak
 20320 | Lair:4   | Noticed a death yak
 20321 | Lair:4   | Noticed a death yak
 20482 | Lair:4   | Reached skill level 8 in Charms
 20520 | Lair:4   | Found a hole to the Spider Nest.
 20722 | Lair:4   | Reached XP level 13. HP: 71/71 MP: 23/25
 20733 | Lair:4   | Reached skill level 9 in Charms
 21125 | Lair:4   | Noticed a death yak
 21128 | Lair:4   | Killed a death yak
 21130 | Lair:4   | Killed a death yak
 21130 | Lair:4   | Reached skill level 10 in Charms
 21131 | Lair:4   | Killed a death yak
 21133 | Lair:4   | Killed a death yak
 21136 | Lair:4   | Killed a death yak
 21279 | Lair:4   | Killed a death yak
 21279 | Lair:4   | Reached skill level 11 in Charms
 21456 | Lair:4   | Noticed a death yak
 21457 | Lair:4   | Noticed a death yak
 21461 | Lair:4   | Noticed a death yak
 21461 | Lair:4   | Noticed a death yak
 21643 | Lair:4   | Noticed a death yak
 21645 | Lair:4   | Noticed a death yak
 21647 | Lair:4   | Killed a death yak
 21648 | Lair:4   | Killed a death yak
 21651 | Lair:4   | Killed a death yak
 21654 | Lair:4   | Killed a death yak
 21656 | Lair:4   | Killed a death yak
 21656 | Lair:4   | Reached skill level 12 in Charms
 21661 | Lair:4   | Killed a death yak
 22259 | Lair:5   | Reached skill level 8 in Short Blades
 22888 | Lair:6   | Reached XP level 14. HP: 58/76 MP: 27/27
 22933 | Lair:6   | Reached skill level 9 in Short Blades
 23204 | Lair:6   | Reached skill level 10 in Short Blades
 24389 | Lair:7   | Noticed Snorg
 24867 | Lair:7   | Killed Snorg
 24918 | Lair:7   | Reached skill level 4 in Summonings
 25032 | Lair:7   | Reached skill level 5 in Summonings
 25101 | Lair:8   | Entered Level 8 of the Lair of Beasts
 25571 | Lair:8   | Reached skill level 6 in Summonings
 25872 | Lair:8   | Found a staircase to the Slime Pits.
 25873 | Lair:8   | Found a viscous altar of Jiyva.
 25899 | Lair:8   | Identified a scroll of acquirement
 26154 | Lair:8   | Reached skill level 6 in Shields
 26315 | Lair:8   | Reached skill level 7 in Shields
 26334 | Lair:8   | Reached skill level 8 in Shields
 26477 | Lair:8   | Reached skill level 9 in Shields
 26967 | Lair:8   | Reached skill level 10 in Shields
 27421 | D:11     | Found Oteiworr's Assorted Antiques.
 27443 | D:11     | Bought a hat for 128 gold pieces
 27480 | D:11     | Noticed Grum
 27491 | D:11     | Reached XP level 15. HP: 46/81 MP: 28/28
 27602 | D:11     | Reached skill level 11 in Shields
 27825 | D:11     | Found an iron altar of Okawaru.
 27825 | D:11     | Noticed an orc warlord
 27906 | D:11     | Noticed Gastronok
 28094 | D:11     | Killed Gastronok
 28094 | D:11     | Reached skill level 12 in Shields
 28209 | D:11     | You fall through a shaft!
 28534 | D:11     | Reached skill level 13 in Shields
 28954 | D:11     | Killed Grum
 29103 | D:11     | Killed an orc warlord
 29121 | D:11     | Got a warped quick blade
 29122 | D:11     | Identified the +1 quick blade of Shrieking Terror {venom, Str+3 Int+2} (You found it on level 11 of the Dungeon)
 29136 | D:11     | Got a transparent shield
 29169 | D:11     | Identified the +3 shield of Vicodd {rPois Slay+3 SInv Curse} (You found it on level 11 of the Dungeon)
 29358 | D:12     | Found Inuyd's General Store.
 29374 | D:12     | Bought a scroll of enchant weapon for 112 gold pieces
 29374 | D:12     | Bought a scroll of teleportation for 45 gold pieces
 29436 | D:12     | Reached skill level 14 in Shields
 30123 | D:12     | Found a sacrificial altar of Ru.
 30665 | D:13     | Noticed Sonja
 30668 | D:13     | Killed Sonja
 31219 | Orc:1    | Entered Level 1 of the Orcish Mines
 32110 | Orc:2    | Noticed Urug
 32129 | Orc:2    | Killed Urug
 32568 | Orc:3    | Found a staircase to the Elven Halls.
 32632 | Orc:3    | Noticed Erolcha
 32640 | Orc:3    | Killed Erolcha
 33170 | Orc:4    | Entered Level 4 of the Orcish Mines
 33324 | Orc:4    | Reached skill level 15 in Shields
 33371 | Orc:4    | Found a roughly hewn altar of Beogh.
 33717 | Orc:4    | Found a roughly hewn altar of Beogh.
 33882 | Orc:4    | Found a roughly hewn altar of Beogh.
 33891 | Orc:4    | Found Phaebir's Distillery.
 33918 | Orc:4    | Reached skill level 7 in Summonings
 34191 | Orc:4    | Found a roughly hewn altar of Beogh.
 34191 | Orc:4    | Found Seebuqe's Weapon Emporium.
 34230 | Orc:4    | Bought the +5 blowgun of Mar Mowi {evade, Dex+2} for 470 gold pieces
 34272 | Orc:4    | Found a roughly hewn altar of Beogh.
 34273 | Orc:4    | Found Smitt's Antique Weapon Boutique.
 34647 | Orc:4    | Reached skill level 8 in Summonings
 34676 | Orc:4    | Found Qanig's Antique Armour Shop.
 35295 | Shoals:1 | Entered Level 1 of the Shoals
 35669 | Shoals:1 | Identified a potion of resistance
 35744 | Shoals:1 | Reached skill level 9 in Summonings
 35744 | Shoals:1 | Reached XP level 16. HP: 86/86 MP: 28/28
 36219 | Shoals:2 | Reached skill level 10 in Summonings
 36330 | Shoals:2 | HP: 8/86 [snapping turtle (20)]
 36459 | Shoals:2 | Noticed bronies4ever's ghost (mighty TrFi)
 36476 | Shoals:2 | Killed bronies4ever's ghost
 36958 | Shoals:2 | Reached skill level 11 in Summonings
 37313 | Shoals:3 | Noticed Mara
 37357 | Shoals:3 | Reached skill level 3 in Spellcasting
 37802 | Shoals:3 | Reached skill level 4 in Spellcasting
 38283 | Shoals:3 | Reached skill level 5 in Spellcasting
 38293 | Shoals:3 | Learned a level 6 spell: Haste
 39096 | Shoals:4 | Reached skill level 6 in Spellcasting
 39107 | Shoals:4 | Learned a level 6 spell: Monstrous Menagerie
 39135 | Shoals:4 | Noticed Rupert
 39141 | Shoals:4 | Killed Rupert
 39377 | Shoals:4 | Reached skill level 7 in Spellcasting
 39405 | Shoals:4 | Noticed Polyphemus
 39429 | Shoals:4 | Killed Polyphemus
 39449 | Shoals:4 | Reached skill level 8 in Spellcasting
 39777 | Shoals:4 | Noticed Agnes
 39828 | Shoals:4 | Killed Agnes
 39925 | Shoals:4 | Learned a level 5 spell: Phase Shift
 40061 | Shoals:5 | Entered Level 5 of the Shoals
 40124 | Shoals:5 | Noticed Ilsuiw
 40132 | Shoals:5 | Killed Ilsuiw
 40132 | Shoals:5 | Reached skill level 1 in Air Magic
 40137 | Shoals:5 | Reached skill level 2 in Air Magic
 40137 | Shoals:5 | Reached XP level 17. HP: 90/90 MP: 32/32
 40153 | Shoals:5 | Reached skill level 3 in Air Magic
 40293 | Shoals:5 | Found a frozen archway.
 40304 | Shoals:5 | Reached skill level 4 in Air Magic
 40321 | IceCv    | Entered an ice cave
 41056 | IceCv    | Noticed an Ice Fiend
 41062 | IceCv    | HP: 9/90 [Ice Fiend (8)]
 41062 | IceCv    | Mangled by an Ice Fiend

Vanquished Creatures
  Polyphemus (Shoals:4)
  The ghost of bronies4ever the Brawler, a mighty TrFi of Okawaru (Shoals:2)
  Rupert (Shoals:4)
  Agnes (Shoals:4)
  Ilsuiw (Shoals:5)
  2 orc warlords
  Gastronok (D:11)
  3 merfolk javelineers
  Snorg (Lair:7)
  A minotaur (Lab)
  4 merfolk impalers
  4 hydras
  An alligator snapping turtle (Shoals:3)
  4 sirens
  7 centaur warriors
  6 merfolk aquamancers
  16 death yaks
  Urug (Orc:2)
  A catoblepas (Shoals:4)
  The ghost of Jenx the Basher, an experienced GrFi of Okawaru (D:9)
  5 sea snakes
  3 ice devils (IceCv)
  Erolcha (Orc:3)
  An orc sorcerer (Orc:4)
  An orc knight (Orc:4)
  3 hill giants
  5 cyclopes
  2 ugly things (D:11)
  4 fauns (Shoals:1)
  6 manticores
  2 griffons (Shoals:2)
  4 water nymphs
  4 harpies (Shoals:1)
  Maurice (D:8)
  14 elephants
  3 mermaids
  25 spiny frogs
  6 black mambas
  An anaconda simulacrum (IceCv)
  7 komodo dragons
  9 trolls
  A fire drake (Lair:7)
  19 merfolk
  Sonja (D:13)
  A wind drake (Shoals:4)
  4 wandering mushrooms (Lab)
  A blue devil (IceCv)
  3 slime creatures (D:13)
  A trapdoor spider zombie (D:10)
  2 two-headed ogres (D:11)
  2 basilisks
  2 deep elf magi
  33 blink frogs
  6 snapping turtles
  A dire elephant simulacrum (IceCv)
  39 yaks
  A spriggan (D:8)
  4 wyverns
  A griffon skeleton (D:12)
  15 water elementals
  2 hill giant zombies
  2 deep elf fighters (D:11)
  Grum (D:11)
  15 hippogriffs
  A warg (Orc:3)
  A hungry ghost (D:10)
  10 vampire mosquitoes
  A hill giant skeleton (D:11)
  9 wolves
  4 harpy simulacra (IceCv)
  An ogre zombie (D:12)
  13 water moccasins
  An iron troll simulacrum (IceCv)
  15 porcupines
  3 hydra simulacra (IceCv)
  A black bear (D:8)
  10 ice beasts
  37 orc warriors
  9 sky beasts
  13 ogres
  A yellow wasp (D:11)
  2 phantoms
  14 crocodiles
  2 necrophages
  Sigmund (D:6)
  20 centaurs
  31 giant frogs
  2 gnoll sergeants
  2 scorpions
  28 killer bees
  4 wights (D:9)
  5 electric eels
  A hippogriff skeleton (D:9)
  5 goliath beetles
  5 jellies
  5 crimson imps
  2 gnoll shamans (D:5)
  35 orc priests
  3 quasits
  8 hounds
  32 orc wizards
  18 iguanas
  9 worker ants
  A killer bee zombie (D:8)
  11 sheep
  Ijyb (D:7)
  A hound zombie (D:10)
  46 green rats
  21 adders
  49 gnolls
  2 shadow imps
  A worm (D:4)
  A giant mite (D:5)
  A goliath beetle zombie (D:6)
  3 orc zombies
  An adder skeleton (D:10)
  6 giant geckos
  An ooze (D:5)
  213 orcs
  13 bats
  A bat zombie (D:3)
  4 giant cockroaches
  14 goblins
  19 hobgoblins
  23 jackals
  16 quokkas
  A giant gecko skeleton (D:4)
  10 giant newts
  2 giant spores (D:7)
  A hobgoblin skeleton (D:4)
  13 kobolds
  4 orc skeletons
  10 rats
  2 ballistomycetes (D:7)
  A fungus (Lair:8)
  A plant (Lair:8)
1180 creatures vanquished.

Vanquished Creatures (collateral kills)
  A hydra (Lair:6)
  A merfolk aquamancer (Shoals:5)
  2 sea snakes (Shoals:2)
  An ice devil (IceCv)
  4 griffons
  A spiny frog (Lair:6)
  A black mamba (Lair:8)
  3 merfolk
  4 blink frogs
  A blue devil (IceCv)
  A snapping turtle (Shoals:2)
  2 water elementals (Shoals:4)
  A wolf (D:11)
  A porcupine (Lair:4)
  3 water moccasins
  4 giant frogs
  3 sheep
  An adder (Lair:8)
  9 green rats
  A quokka (D:11)
45 creatures vanquished.

Vanquished Creatures (others)
  A merfolk javelineer (Shoals:5)
  A harpy (Shoals:5)
  An orc sorcerer (Orc:4)
  2 drowned souls (Shoals:5)
  A vampire mosquito (D:12)
  13 ice beasts
  3 orcs
  A giant spore (D:9)
  2 ballistomycetes (D:9)
  A fungus (Lair:8)
  4 plants
30 creatures vanquished.

Grand Total: 1255 creatures vanquished
